 Dungeon Crawl Stone Soup version 0.31-a0-743-g45f7035092 (webtiles) character file.

Game seed: 2211481403701363090

109 Xavori the Cutter (level 4, -1/24 HPs)
             Began as a Vine Stalker Chaos Knight on Sept 13, 2023.
             Was a Plaything of Xom.
             Slain by anansati's ghost (6 damage)
             ... on level 3 of the Dungeon.
             The game lasted 00:02:18 (10833 turns).

Xavori the Cutter (Vine Stalker Chaos Knight)      Turns: 10833, Time: 00:02:18

Health: -1/24      AC:  7    Str: 13      XL:     4   Next: 89%
Magic:  0/6        EV: 11    Int: 12      God:    Xom [...*..]
Gold:   114        SH:  0    Dex: 11 (13) Spells: 5/5 levels left

rFire   . . .        a - +0 short sword (chaos)
rCold   . . .        (no shield)
rNeg    . . .        b - +2 leather armour
rPois   .            (no helmet)
rElec   .            (no cloak)
rCorr   .            k - +0 pair of gloves {infuse}
SInv    .            q - +0 pair of boots
Will    .....        (no amulet)
Stlth   +            (no ring)
HPRegen 1.04/turn    (no ring)
MPRegen 0.10/turn

%: guardian spirit
@: mighty
A: fangs 2, regeneration 1, magic shield, antimagic bite, no potion heal 2,
clumsy 1, weak 1
a: Renounce Religion


You were on level 3 of the Dungeon.
You worshipped Xom.
You were a favourite toy of Xom.
You visited 1 branch of the dungeon, and saw 3 of its levels.

You collected 114 gold pieces.

Inventory:

Hand Weapons
 a - a +0 short sword of chaos (weapon)
Armour
 b - a +2 leather armour (worn)
 k - a +0 pair of gloves of infusion (worn)
 q - a +0 pair of boots (worn)
Jewellery
 n - an amulet of regeneration
 t - a ring of wizardry
Wands
 l - a wand of roots (5)
Scrolls
 c - a scroll of butterflies
 e - 2 scrolls of poison {unknown}
 f - a scroll of immolation {unknown}
 g - a scroll of enchant armour {unknown}
 h - a scroll of silence {unknown}
 j - 4 scrolls of identify {unknown}
 m - a scroll of teleportation {unknown}
 p - 2 scrolls of noise {unknown}
Potions
 d - 2 potions of might
 i - a potion of haste {unknown}
 o - 2 potions of curing
 r - a potion of invisibility {unknown}
 s - a potion of lignification {unknown}
 u - a potion of resistance {unknown}
 v - a potion of degeneration {unknown}
 w - a potion of enlightenment {unknown}


   Skills:
 + Level 3.3 Fighting
 + Level 3.3 Short Blades
 + Level 2.3 Armour
 + Level 1.1 Dodging
 + Level 1.6 Stealth
 * Level 1.1 Spellcasting


You had 5 spell levels left.
You didn't know any spells.
Your spell library contained the following spells:

 Spells                   Type           Power      Damage    Failure   Level
 Necrotise                Necr           0%         1d4       36%         1
 Lesser Beckoning         Tloc           0%         N/A       50%         2
 Gell's Gravitas          Tloc           0%         N/A       75%         3
 Teleport Other           Tloc           0%         N/A       75%         3
 Animate Armour           Summ/Erth      0%         N/A       98%         4
 Dispel Undead            Necr           0%         3d6       98%         4


Dungeon Overview and Level Annotations

Branches:
Dungeon (3/15)

Altars:

Annotations:
D:3 anansati's ghost, weakling TeGl


Innate Abilities, Weirdness & Mutations

You have extremely sharp teeth.
Your natural rate of healing is unusually fast.
When hurt, damage is shared between your health and your magic reserves.
Your bite disrupts and absorbs the magic of your enemies.
Potions cannot restore your health.
You are clumsy. (Dex -2)
You are weak. (Str -2)


Message History

Unknown command.
You hit the quasit. You bite the quasit. You drain its power.
You feel invigorated.
The quasit is heavily wounded.
The quasit bites you but does no damage.
The quasit claws you.
You feel clumsy.
The quasit claws you but does no damage.
Anansati's ghost hits you but does no damage.
You hit the quasit.
The quasit is poisoned.
You bite the quasit, but do no damage.
The quasit is severely wounded.
The quasit barely misses you.
The quasit claws you but does no damage. x2
Anansati's ghost hits you.
* * * LOW HITPOINT WARNING * * *
You emit a cloud of colourful smoke!
Unknown command.
You hit the quasit.
The quasit convulses.
You bite the quasit, but do no damage.
The quasit is almost dead.
You kill the quasit!
Anansati's ghost hits you!
* * * LOW HITPOINT WARNING * * *
You feel your dexterity returning.
Your Spellcasting skill increases to level 1!
It was a potion of might.
You feel very mighty all of a sudden.
Xom thinks this is hilarious!
Anansati's ghost hits you but does no damage.
You hit anansati's ghost.
Anansati's ghost is lightly damaged.
Anansati's ghost closely misses you.
You hit anansati's ghost. You bite anansati's ghost. You drain its power.
You feel invigorated.
Anansati's ghost is severely damaged.
You barely miss anansati's ghost. Your bite misses anansati's ghost.
Anansati's ghost is severely damaged.
Anansati's ghost hits you!
You die...

.......###..#..........#...###.##
.#...##..........#######.......##
.#...#..###......#######....##.##
'#.....##.#####........'....##.##
....#..#....5.##......##....[...#
......##..#..!.##.....###+#.....#
...##.#.#...#/..#.....###.#.....#
......# .#.##..##§......#.#.##.##
......##.#...#.#@§.####.#.#.#....
.......#$#.....##W...............
......©#!=.©#...#......#..###..##
.......#..#...#.#.#.###.......##
......##.....#.##.#.##.........#
......#..#.#...#..#.##.........#
......#..#5#5..#..#..+.........#
......##.......#...###.........#
###.#..###.©.###...###.........#


You could see anansati's ghost.

Vanquished Creatures
  A quasit (D:3)
  An adder (D:2)
  A gnoll (D:1)
  A worm (D:3)
  2 dart slugs
  5 bats
  6 endoplasms
  6 giant cockroaches
  A goblin (D:1)
  2 jackals (D:1)
  A quokka (D:3)
  10 ball pythons
  3 frilled lizards
  4 kobolds
  8 rats
52 creatures vanquished.

Notes
Turn   | Place    | Note
-------+----------+-------------------------------------------
     0 | D:1      | Xavori the Vine Stalker Chaos Knight began the quest for
                  | the Orb.
     0 | D:1      | Reached XP level 1. HP: 11/11 MP: 2/2
    73 | D:1      | Reached skill level 1 in Dodging
   140 | D:1      | Reached XP level 2. HP: 16/16 MP: 3/3
   538 | D:1      | Reached XP level 3. HP: 20/20 MP: 4/4
   656 | D:1      | XOM: silly message
  1150 | D:1      | XOM: cloud trail
  2202 | D:1      | XOM is BORED!
  2678 | D:1      | XOM: god gift: +0 pair of gloves of infusion
  2832 | D:1      | XOM: god gift: crooked glass wand {god gift}
  2923 | D:1      | XOM: summons 2 hostile demons
  3119 | D:2      | XOM: silly message
  3272 | D:2      | XOM: stat loss: -1 Int (11/12)
  3567 | D:1      | XOM: give mutations
  3567 | D:1      | Gained mutation: You are weak. (Str -2) [Xom's mischief]
  3567 | D:1      | Gained mutation: You are clumsy. (Dex -2) [Xom's mischief]
  3928 | D:1      | XOM: silly message
  5653 | D:1      | XOM: summons 3 hostile shadow creatures
  6088 | D:1      | XOM: noise
  6276 | D:1      | XOM: cloud trail
  6493 | D:1      | XOM: god gift: scroll labelled ITIONE RIWESYLL {god gift}
  7167 | D:1      | XOM: noise
  7502 | D:1      | XOM is BORED!
  7502 | D:1      | XOM: noise
  8318 | D:1      | XOM: silly message
  8555 | D:1      | XOM: divination: detect items
  8905 | D:1      | XOM is BORED!
  8905 | D:1      | XOM: silly message
  9103 | D:2      | XOM: divination: magic mapping
  9133 | D:2      | Reached skill level 1 in Stealth
  9173 | D:2      | XOM: silly message
  9249 | D:2      | XOM: silly message
  9260 | D:2      | XOM: silly message
  9271 | D:2      | Got the Elucidation of Gritty Rot
  9347 | D:2      | XOM: divination: detect creatures
  9364 | D:2      | XOM: divination: detect items
  9587 | D:2      | Reached XP level 4. HP: 24/24 MP: 3/5
 10108 | D:3      | Noticed anansati's ghost (weakling TeGl)
 10278 | D:3      | Found a transporter.
 10412 | D:3      | Found a transporter.
 10828 | D:3      | XOM: smoke on damage
 10829 | D:3      | HP: 1/24 [anansati's ghost (6)]
 10830 | D:3      | Reached skill level 1 in Spellcasting
 10833 | D:3      | Slain by anansati's ghost

Illustrated notes

Levels and vault maps discovered:
D:1:      heliophobic_arrival_dark_side_of_the_moon, layout_basic,
          minmay_misc_feat_cross
D:2:      layout_basic, minmay_crystal_room, due_unseen_surprise
D:3:      layout_basic, gammafunk_ghost_stat_death, saegor_snake_ambush

Skill      XL: |  1  2  3  4 |
---------------+-------------+-----
Dodging        | 1 |  1.1
Fighting       | 3 |  3.3
Short Blades   | 3 |  3.3
Armour         | 2 |  2.3
Stealth        | 1 |  1.6
Spellcasting   | 1 |  1.1

Action                     |  1- 3 |  4- 6 || total
---------------------------+-------+-------++-------
  Melee: Short sword       |    77 |    35 ||   112
         Bite              |    19 |    11 ||    30
    Use: Potion            |       |     2 ||     2
   Stab: Sleeping          |     1 |     2 ||     3
 Armour: Leather armour    |    33 |    41 ||    74
  Dodge: Dodged            |    49 |    29 ||    78

Table legend: (Time is in decaauts)
 A = Elapsed time spent in this place.
 B = Non-inter-level travel time spent in this place.
 C = Inter-level travel time spent in this place.
 D = Time resting spent in this place.
 E = Time spent auto-exploring this place.
 F = Levels seen in this place.
 G = Mean time per level.
                   A        B        C        D        E       F      G
               +--------+--------+--------+--------+--------+-----+--------+
         Total |  10839 |  10727 |    112 |   8169 |   2205 |   3 | 3613.0 |
       Dungeon |  10839 |  10727 |    112 |   8169 |   2205 |   3 | 3613.0 |
               +--------+--------+--------+--------+--------+-----+--------+

Top non-repeatable levels by time:
     D:1: 8170 daAuts
     D:2: 1736 daAuts
     D:3: 932 daAuts
